 Dungeon Crawl Stone Soup version 0.29-a0-344-ge2f44be95a (webtiles) character file.

Game seed: 4199150565227432243

4515 spaghetti the Protected (level 10, -11/85 HPs)
             Began as a Naga Fighter on Apr 21, 2022.
             Was a Priest of Cheibriados.
             Mangled by Joseph
             ... wielding a +2 spectral quarterstaff
              (13 damage)
             ... on level 9 of the Dungeon.
             The game lasted 00:13:24 (9040 turns).

spaghetti the Protected (Naga Fighter)              Turns: 9040, Time: 00:13:24

Health: -11/85     AC: 17    Str: 29    XL:     10   Next: 39%
Magic:  10/10      EV:  6    Int: 16    God:    Cheibriados [***...]
Gold:   301        SH:  5    Dex: 18    Spells: 9/9 levels left

rFire   . . .      SeeInvis +   y - +9 mace of the Jumping Vulture {elec, Fly Will+ SInv, mace}
rCold   . . .      Faith    .   c - +0 buckler
rNeg    . . .      Spirit   .   C - +1 chain mail
rPois   +          Reflect  .   (helmet restricted)
rElec   .          Harm     .   x - +0 cloak
rCorr   .          Rampage  .   (no gloves)
Will    ++...                   (no barding)
Stlth   ..........              (no amulet)
HPRegen 0.24/turn               p - +4 ring of protection
MPRegen 0.12/turn               (no ring)

@: flying, very slow
A: AC +3, large, see invisible, deformed body, poison resistance, slowness 2,
spit poison 1, naga tail 1, beak, subdued magic 1
a: Spit Poison, Renounce Religion, Bend Time, Temporal Distortion


You were on level 9 of the Dungeon.
You worshipped Cheibriados.
Cheibriados was most pleased with you.
You visited 2 branches of the dungeon, and saw 10 of its levels.

You collected 405 gold pieces.
You spent 104 gold pieces at shops.


Innate Abilities, Weirdness & Mutations

Your serpentine skin is tough. (AC +3)
You have supernaturally acute eyesight. (SInv)
Armour fits poorly on your strangely shaped body.
Your system is resistant to poisons. (rPois)
You cover ground very slowly.
You can spit poison.
You have a snake-like lower body.
You have a beak for a mouth.
Your spells are a little easier to cast, but a little less powerful.


   Skills:
 + Level 3.7 Fighting
 - Level 2.0 Axes
 + Level 7.3 Throwing
 * Level 10.6 Armour
 - Level 2.4 Shields


You had 9 spell levels left.
You didn't know any spells.
Your spell library contained the following spells:

 Spells                   Type           Power      Damage    Failure   Level
 Freeze                   Ice            0%         1d3       73%         1
 Magic Dart               Conj           0%         1d3       73%         1
 Ensorcelled Hibernation  Hex/Ice        0%         N/A       86%         2
 Passwall                 Tmut/Erth      0%         N/A       86%         2
 Searing Ray              Conj           0%         2d4       86%         2
 Ozocubu's Armour         Ice            0%         N/A       98%         3
 Swiftness                Air            0%         N/A       98%         3
 Fulminant Prism          Conj/Hex       0%         3d6       100%        4
 Ice Form                 Ice/Tmut       0%         N/A       100%        4
 Metabolic Englaciation   Hex/Ice        0%         N/A       100%        5
 Simulacrum               Ice/Necr       0%         N/A       100%        6
 Ozocubu's Refrigeration  Ice            0%         4d5       100%        7

Inventory:

Hand Weapons
 a - a +0 war axe {axe}
 d - a +2 demon whip of venom {mace}
   (You took it off Amaemon on level 8 of the Dungeon)
 g - the +4 halberd of Valour {venom, rF- Int+8 Stlth-, polearm}
   (You found it on level 9 of the Dungeon)

   It poisons the flesh of those it strikes.
   Int:       It affects your intelligence (+8).
   rF:        It makes you vulnerable to fire.
   Stlth:     It makes you less stealthy.
 l - the +9 dagger "Wocrek Lyash" {drain, Str+4 Int+2 Dex+3, short}
   (You found it on level 5 of the Dungeon)

   A truly terrible weapon, it drains the life of any living foe it strikes.
   Str:       It affects your strength (+4).
   Int:       It affects your intelligence (+2).
   Dex:       It affects your dexterity (+3).
 w - a +2 quarterstaff of chaos {staff}
   (You took it off Crazy Yiuf on level 3 of the Dungeon)
 y - the +9 mace of the Jumping Vulture (weapon) {elec, Fly Will+ SInv, mace}
   (You found it on level 3 of the Dungeon)

   It occasionally discharges a powerful burst of electricity upon striking a
   foe.
   SInv:      It lets you see invisible.
   Fly:       It grants you flight.
   Will:      It increases your willpower.
 B - a +0 dagger of venom {short}
   (You took it off a kobold on level 3 of the Dungeon)
Missiles
 e - 12 boomerangs {throwing}
 i - 134 stones (quivered) {throwing}
Armour
 b - a +0 scale mail
 c - a +0 buckler (worn)
 x - a +0 cloak (worn)
   (You took it off Crazy Yiuf on level 3 of the Dungeon)
 C - a +1 chain mail (worn)
   (You took it off a hobgoblin on level 3 of the Dungeon)
Magical Staves
 m - a staff of earth {!astaff}
   (You found it on level 1 of the Dungeon)
Jewellery
 p - a +4 ring of protection (left hand)
   (You found it on level 1 of the Dungeon)
 H - a ring of positive energy
   (You found it on level 8 of the Dungeon)
Scrolls
 f - a scroll of identify {@r1}
 z - 2 scrolls of vulnerability {!r!r}
Potions
 h - 4 potions of degeneration {!q@e2}
 n - a potion of brilliance
 q - a potion of magic

Dungeon Overview and Level Annotations

Branches:
Dungeon (9/15)             Temple (1/1) D:5
   Lair: D:8-11         Orc: D:9-12

Altars:
Ashenzari
Cheibriados
Dithmenos
Elyvilon
Fedhas
Gozag
Hepliaklqana
Kikubaaqudgha
Makhleb
Nemelex Xobeh
Okawaru
Qazlal
Ru
Sif Muna
Trog
Uskayaw
Vehumet
Wu Jian
Xom
Yredelemnul
Zin
The Shining One

Shops:
D:6 !   D:8 (

Annotations:
D:9 Joseph

...............
................
.................
#................
#...............
#..............
#.............
#..§.@.......
##.§@........
##§§........
##§§.......
##########


You could see Joseph (corroded).


Message History

The kobold wields a +0 hand crossbow.
The kobold shoots a bolt.
The bolt hits you but does no damage.
The kobold brigand is engulfed in blazing flames.
Flame seeps out of the kobold brigand.
Throw: 12 boomerangs {throwing}
Press: ? - help, Shift-Dir - straight line, f/p - kobold brigand
Aim: a kobold brigand, wielding a +0 short sword and quivering poisoned darts (flame, almost dead, inner flame, 59% to hit)
You throw a boomerang {throwing}.
The boomerang {throwing} barely misses the kobold brigand.
You feel sick.
The kobold brigand is engulfed in blazing flames.
Cheibriados appreciates the change of pace.
The kobold brigand explodes! 😱 HP[-1]
You take 1 damage, and now have 18/85 hp.
Okay, then.
Okay, then.
You feel sick.
The kobold shoots a bolt.
The bolt completely misses you.
The kobold shoots a bolt.
The bolt hits you.
* * * LOW HITPOINT WARNING * * *
😱 HP[-7]
You take 7 damage, and now have 11/85 hp.
Okay, then.
It was a potion of flight.
You feel more buoyant.
The kobold shoots a bolt.
The bolt hits you but does no damage.
As you read the scroll of fog, it crumbles to dust.
The scroll dissolves into smoke.
You feel sick.
You are no longer poisoned.
The kobold shoots a bolt.
You block the bolt. 😱 HP[-1]
You take 1 damage, and now have 10/85 hp.
You are flying.
Your flying speed is very slow.
Your attack delay is about 1.3.
Your base attributes are Str 22, Int 9, Dex 11.
Unknown command.
Okay, then.
Okay, then.
As you read the scroll of teleportation {@r4}, it crumbles to dust.
You feel strangely unstable.
The kobold shoots a bolt.
You block the bolt. 😱 HP[+1] Unknown command.
Your surroundings suddenly seem different.
Unknown command. 😱 HP[+1] 😱 HP[+1]
You start resting.
Joseph, a Mercenary comes into view.
He is wielding a +2 spectral quarterstaff. 😱 HP[+8]
You regained 8 hp, and now have 21/85 hp.
Okay, then.
Okay, then.
Okay, then.
Aiming: Corrosive Bolt
Press: ? - help, Shift-Dir - straight line, f - you
Okay, then.
Okay, then.
As you read the scroll of fog, it crumbles to dust.
The scroll dissolves into smoke.
Joseph shouts!
Joseph unwields a +2 spectral quarterstaff.
Joseph wields a +9 hunting sling.
Joseph shoots a sling bullet.
The sling bullet hits you but does no damage.
Okay, then.
Okay, then.
Okay, then.
Okay, then.
Joseph shoots a sling bullet.
The sling bullet hits you.
* * * LOW HITPOINT WARNING * * *
Joseph shoots a sling bullet.
The sling bullet barely misses you. 😱 HP[-5]
You take 5 damage, and now have 16/85 hp.
Okay, then.
Okay, then.
Okay, then.
You start resting.
Joseph is nearby! 😱 HP[+1] Joseph unwields a +9 hunting sling.
Joseph wields a +2 spectral quarterstaff.
Joseph barely misses you. Joseph hits you but does no damage.
Okay, then.
Aiming: Corrosive Bolt
Press: ? - help, Shift-Dir - straight line, f - Joseph
Aim: Joseph, wielding a +2 spectral quarterstaff and wearing a +0 leather armour (71% to hit)
The bolt of acid hits Joseph.
The acid corrodes Joseph!
The now-empty wand crumbles to dust.
Joseph hits you with a +2 spectral quarterstaff.
* * * LOW HITPOINT WARNING * * *
😱 HP[-5]
You take 5 damage, and now have 12/85 hp.
You barely miss Joseph. You peck Joseph.
Joseph hits you with a +2 spectral quarterstaff!
* * * LOW HITPOINT WARNING * * *
😱 HP[-10]
You take 10 damage, and now have 2/85 hp.
Unknown command.
You thump Joseph! Your peck misses Joseph.
Joseph hits you with a +2 spectral quarterstaff!
You die...

Skill      XL: |  1  2  3  4  5  6  7  8  9 10 |
---------------+-------------------------------+-----
Armour         | 3 4 5 6 8 10 | 10.6
Throwing       | 2 3 5 6 7 |  7.3
Fighting       | |  3.7
Axes           | |  2.0
Shields        | |  2.4

Action                   |  1- 3 |  4- 6 |  7- 9 | 10-12 || total
-------------------------+-------+-------+-------+-------++-------
Melee: War axe           |    94 |    61 |       |       ||   155
       Mace              |       |    66 |   208 |    28 ||   302
       Peck              |       |       |    11 |     8 ||    19
Throw: Boomerang         |    12 |       |       |     3 ||    15
       Stone             |       |    10 |     2 |       ||    12
       Javelin           |       |       |       |     2 ||     2
Invok: Bend Time         |       |       |     1 |       ||     1
 Abil: Spit Poison       |       |     1 |     3 |       ||     4
Evoke: Wand              |       |       |     5 |     2 ||     7
  Use: Potion            |       |     1 |    18 |     2 ||    21
       Scroll            |       |       |     7 |     5 ||    12
Armor: Scale mail        |    58 |    52 |       |       ||   110
       Chain mail        |       |    34 |   212 |    45 ||   291
       Skin              |       |       |    54 |       ||    54
Dodge: Dodged            |    38 |    48 |    74 |    23 ||   183
Block: Buckler           |    15 |    17 |    75 |    15 ||   122

Levels and vault maps discovered:
D:1:      amcnicky_arrival_flooded_fountain, layout_rooms, serial_glass,
          glass_columns_b, glass_columns_c,
          shapermc_ecumenical_altar_totnotflames, st_stairs_2
D:2:      layout_basic
D:3:      layout_loops_ring, minmay_vboxes, uniq_crazy_yiuf_cottage,
          uniq_sigmund
D:4:      layout_basic
D:5:      layout_basic, minmay_temple_entry_drinking_statues,
          gup_sewer_entry_spiral, cheibrodos_gnoll_hut
D:6:      layout_basic, serial_shops, nicolae_square_shop, grunt_ministairs_1
D:7:      layout_basic, grunt_temple_overflow_open
D:8:      layout_basic, serial_shops, nicolae_shop_stone, uniq_amaemon
D:9:      layout_big_octagon, uniq_joseph
Temple:   mainiacjoe_temple_coin_purse

Notes
Turn   | Place    | Note
-------+----------+-------------------------------------------
     0 | D:1      | spaghetti the Naga Fighter began the quest for the Orb.
     0 | D:1      | Reached XP level 1. HP: 21/21 MP: 1/1
     0 | D:1      | magus.rc [v1.9.6]
    34 | D:1      | You pick up a book of Conjurations {@e2} and begin
                  | reading...
    34 | D:1      | You add the spells Magic Dart, Searing Ray and Fulminant
                  | Prism to your library.
   184 | D:1      | Reached XP level 2. HP: 28/28 MP: 2/2
   202 | D:1      | Reached skill level 3 in Armour
   490 | D:1      | Reached XP level 3. HP: 30/34 MP: 3/3
   616 | D:1      | Found a faded altar of an unknown god.
  1195 | D:2      | Reached skill level 4 in Armour
  1195 | D:2      | Reached XP level 4. HP: 25/42 MP: 4/4
  2067 | D:3      | Found a runed translucent door.
  2068 | D:3      | Noticed Crazy Yiuf
  2169 | D:3      | Reached XP level 5. HP: 19/49 MP: 5/5
  2343 | D:3      | Killed Crazy Yiuf
  2349 | D:3      | Identified the +9 mace of the Jumping Vulture {elec, Fly
                  | Will+ SInv}
  2696 | D:3      | Reached skill level 1 in Throwing
  2923 | D:3      | You add the spells Freeze, Ensorcelled Hibernation, Ice
                  | Form, Simulacrum and Ozocubu's Refrigeration to your
                  | library.
  2923 | D:3      | Got Curiski's Reference Book on Snow
  2999 | D:3      | Noticed Sigmund
  3005 | D:3      | Killed Sigmund
  3006 | D:3      | Reached skill level 2 in Throwing
  3006 | D:3      | Reached skill level 5 in Armour
  3006 | D:3      | Reached XP level 6. HP: 51/56 MP: 6/6
  3834 | D:5      | Entered Level 5 of the Dungeon
  3846 | D:5      | Reached XP level 7. HP: 62/62 MP: 7/7
  3856 | D:5      | Found a staircase to the Ecumenical Temple.
  3865 | Temple   | Entered the Ecumenical Temple
  4020 | Temple   | Became a worshipper of Cheibriados the Contemplative
  4084 | D:5      | Reached skill level 6 in Armour
  4096 | D:5      | Reached skill level 3 in Throwing
  4738 | D:5      | Identified the +9 dagger "Wocrek Lyash" {drain, Str+4 Int+2
                  | Dex+3}
  4825 | D:5      | Reached * piety under Cheibriados
  4826 | D:5      | Reached XP level 8. HP: 63/69 MP: 8/8
  4971 | D:5      | Reached skill level 7 in Armour
  5251 | D:5      | Reached skill level 4 in Throwing
  5551 | D:6      | You pick up a book of Burglary and begin reading...
  5551 | D:6      | You add the spells Passwall and Swiftness to your library.
  5882 | D:6      | Reached skill level 8 in Armour
  5886 | D:6      | Reached ** piety under Cheibriados
  5887 | D:6      | Reached skill level 5 in Throwing
  6185 | D:6      | Found Duapy's Distillery.
  6206 | D:6      | Reached XP level 9. HP: 27/75 MP: 9/9
  6206 | D:6      | HP: 14/75 [something (13)]
  6207 | D:6      | Bought a potion of mutation for 104 gold pieces
  6207 | D:6      | Gained mutation: Your spells are a little easier to cast,
                  | but a little less powerful. [potion of mutation]
  6207 | D:6      | Gained mutation: You have a beak for a mouth. [potion of
                  | mutation]
  7171 | D:7      | Found a blossoming altar of Fedhas.
  7177 | D:7      | Found an ancient bone altar of Kikubaaqudgha.
  7177 | D:7      | Found an opulent altar of Gozag.
  7183 | D:7      | Found a glowing silver altar of Zin.
  7432 | D:8      | You pick up a book of Winter and begin reading...
  7432 | D:8      | You add the spells Ozocubu's Armour and Metabolic
                  | Englaciation to your library.
  7503 | D:8      | Noticed Amaemon
  7503 | D:8      | Noticed an orange demon
  7510 | D:8      | HP: 27/112 [Amaemon/+2 demon whip of venom (6)]
  7516 | D:8      | HP: 26/112 [orange demon[Amaemon] (6)]
  7530 | D:8      | Killed Amaemon
  7531 | D:8      | Reached skill level 6 in Throwing
  7531 | D:8      | Reached skill level 9 in Armour
  7534 | D:8      | Killed an orange demon
  8271 | D:8      | Reached skill level 10 in Armour
  8276 | D:8      | Reached XP level 10. HP: 72/84 MP: 10/10
  8325 | D:8      | Found Fekhlamm's Antique Weapon Shoppe.
  8497 | D:8      | Reached skill level 7 in Throwing
  8798 | D:8      | Reached *** piety under Cheibriados
  8950 | D:9      | Identified the +4 halberd of Valour {venom, rF- Int+8
                  | Stlth-}
  8965 | D:9      | Noticed a kobold demonologist
  8967 | D:9      | Noticed a kobold demonologist
  8967 | D:9      | Noticed a kobold demonologist
  8974 | D:9      | Noticed a soul eater
  8976 | D:9      | Noticed a sixfirhy
  8976 | D:9      | Killed a kobold demonologist
  8980 | D:9      | HP: 11/84 [white imp/puff of frost[a kobold demonologist]
                  | (12)]
  8984 | D:9      | Killed a kobold demonologist
  8984 | D:9      | Killed a kobold demonologist
  8985 | D:9      | HP: 20/85 [poisoned by a kobold brigand]
  8990 | D:9      | HP: 17/85 [poisoned by a kobold brigand]
  9029 | D:9      | Noticed Joseph
  9031 | D:9      | HP: 16/85 [Joseph/sling bullet (6)]
  9038 | D:9      | HP: 12/85 [Joseph/+2 spectral quarterstaff (6)]
  9039 | D:9      | HP: 2/85 [Joseph/+2 spectral quarterstaff (10)]
  9040 | D:9      | Mangled by Joseph

Vanquished Creatures
  Amaemon (D:8)
  An orange demon (D:8)
  3 kobold demonologists (D:9)
  Sigmund (D:3)
  A shadow (D:8)
  2 vampire mosquitoes (D:8)
  A steam dragon (D:6)
  An acid dragon (D:8)
  A water moccasin (D:8)
  2 orc warriors (D:6)
  2 ice beasts
  An ogre (D:5)
  2 centaurs
  2 kobold brigands (D:9)
  2 bullfrogs (D:7)
  3 necrophages
  2 jellies
  Crazy Yiuf (D:3)
  7 hounds
  6 orc priests
  2 iguanas (D:6)
  7 orc wizards
  4 gnolls (D:5)
  A river rat (D:5)
  12 adders
  A shadow imp (D:6)
  4 white imps
  A worm (D:5)
  A dart slug (D:5)
  23 orcs
  4 bats
  5 endoplasms
  2 giant cockroaches
  3 goblins (D:1)
  10 hobgoblins
  A jackal (D:1)
  7 quokkas
  8 ball pythons
  3 frilled lizards
  10 kobolds
  7 rats
158 creatures vanquished.

Vanquished Creatures (others)
  An orc (D:5)
1 creature vanquished.

Grand Total: 159 creatures vanquished

Table legend:
 A = Non-vault XP
 B = Vault XP
 C = Vault XP percentage of total XP
 D = Non-vault monster count
 E = Vault monster count
 F = Vault count percentage of total count
                 A         B        C        D         E       F
            +---------+---------+-------+---------+---------+-------
      Total |    4807 |    1644 |  25.5 |     137 |      21 |  13.3
            +---------+---------+-------+---------+---------+-------
        D:1 |      39 |       4 |   9.3 |      25 |       2 |   7.4
        D:2 |      96 |       0 |   0.0 |      14 |       0 |   0.0
        D:3 |      46 |     263 |  85.1 |      17 |       7 |  29.2
        D:4 |      75 |       0 |   0.0 |       9 |       0 |   0.0
        D:5 |     725 |     145 |  16.7 |      24 |       8 |  25.0
        D:6 |    1004 |      54 |   5.1 |      19 |       2 |   9.5
        D:7 |     364 |       0 |   0.0 |       5 |       0 |   0.0
        D:8 |    1161 |    1178 |  50.4 |      18 |       2 |  10.0
        D:9 |    1297 |       0 |   0.0 |       6 |       0 |   0.0
            +---------+---------+-------+---------+---------+-------

Illustrated notes

Table legend:
 A = Kills in this place as a percentage of kills in entire the game.
 B = Kills by you in this place as a percentage of kills by you in the entire game.
 C = Kills by friends in this place as a percentage of kills by friends in the entire game.
 D = Other kills in this place as a percentage of other kills in the entire game.
 E = Experience gained in this place as a percentage of experience gained in the entire game.
 F = Experience gained in this place divided by the number of levels of this place that you have seen.
                   A       B       C       D       E      F
               +-------+-------+-------+-------+-------+----------------------
         Total | 100.0 | 100.0 |   N/A |   N/A | 100.0 | 645.1
       Dungeon | 100.0 | 100.0 |   N/A |   N/A | 100.0 | 716.8
               +-------+-------+-------+-------+-------+----------------------

Table legend: (Time is in decaauts)
 A = Elapsed time spent in this place.
 B = Non-inter-level travel time spent in this place.
 C = Inter-level travel time spent in this place.
 D = Time resting spent in this place.
 E = Time spent auto-exploring this place.
 F = Levels seen in this place.
 G = Mean time per level.
                   A        B        C        D        E       F      G
               +--------+--------+--------+--------+--------+-----+--------+
         Total |  13061 |  12593 |    468 |   1485 |   9639 |  10 | 1306.1 |
       Dungeon |  12823 |  12405 |    418 |   1485 |   9477 |   9 | 1424.8 |
        Temple |    237 |    188 |     49 |      0 |    162 |   1 |  237.0 |
               +--------+--------+--------+--------+--------+-----+--------+

Top non-repeatable levels by time:
     D:8: 2647 daAuts
     D:5: 2057 daAuts
     D:6: 2036 daAuts
     D:2: 1570 daAuts
     D:3: 1460 daAuts
     D:1: 982 daAuts
     D:7: 970 daAuts
     D:4: 927 daAuts
  Temple: 237 daAuts
     D:9: 170 daAuts
